 Dungeon Crawl Stone Soup version 0.14.0-9-g9c5475a (webtiles) character file.

20297 MDvedh the Nimble (level 12, -2/71 HPs)
             Began as a Deep Elf Conjurer on Apr 14, 2014.
             Was a High Priest of Vehumet.
             Slain by a boulder beetle (41 damage)
             ... on Level 4 of the Lair of Beasts.
             The game lasted 00:56:57 (16653 turns).

MDvedh the Nimble (Deep Elf Conjurer)              Turns: 16653, Time: 00:56:57

HP  -2/71        AC  7     Str  4      XL: 12   Next: 38%
MP  15/32        EV 22     Int 28      God: Vehumet [*****.]
Gold 628         SH  0     Dex 15      Spells:  7 memorised,  4 levels left

rFire  . . .     SeeInvis +     w - +2,+0 whip (freeze)
rCold  . . .     Clarity  .     e - +3 robe "Thras" {Str-2 Int+3 Acc-6}
rNeg   . . .     Conserve .     (no shield)
rPois  .         rCorr    .     (no helmet)
rElec  .         rRot     .     (no cloak)
SustAb . .       Spirit   .     j - +1 pair of gloves
rMut   .         Warding  .     (no boots)
Saprov . . .     Stasis   .     (no amulet)
MR     +....                    C - ring of see invisible
                                n - ring of wizardry

@: somewhat resistant to hostile enchantments, very stealthy
A: no striking features
a: Renounce Religion


You were on level 4 of the Lair of Beasts.
You worshipped Vehumet.
Vehumet was extremely pleased with you.
You were not hungry.

You visited 3 branches of the dungeon, and saw 14 of its levels.

You collected 628 gold pieces.

Inventory:

Hand weapons
 w - a +2,+0 whip of freezing (weapon)
Armour
 e - the +3 robe "Thras" (worn) {Str-2 Int+3 Acc-6}
   (You found it on level 5 of the Dungeon)

   It affects your strength (-2).
   It affects your intelligence (+3).
   It affects your accuracy with ranged weapons and melee attacks (-6).
 j - a +1 pair of gloves (worn)
Magical devices
 f - a wand of disintegration (23)
 t - a wand of slowing (20)
Comestibles
 b - a bread ration
 m - a royal jelly
Scrolls
 c - 2 scrolls of magic mapping
 d - a scroll of fog
 i - 3 scrolls of remove curse
 k - a scroll of fear
 l - 2 scrolls of amnesia
 q - 4 scrolls of teleportation
 v - a scroll of immolation {unknown}
Jewellery
 g - an uncursed ring of regeneration
 n - a ring of wizardry (left hand)
 p - an uncursed ring of magical power
 r - an uncursed ring of magical power
 s - a +3 ring of strength
 u - an uncursed ring of ice
 y - a +3 ring of evasion
 C - a ring of see invisible (right hand)
Potions
 a - a potion of lignification {unknown}
 h - 11 potions of curing
 o - a potion of agility
 A - 2 potions of brilliance
 B - 2 potions of haste


   Skills:
 + Level 6.9 Fighting
 + Level 14.9 Dodging
 - Level 10.0 Stealth
 - Level 9.1 Spellcasting
 - Level 9.0 Conjurations
 - Level 9.6 Charms


You had 4 spell levels left.
You knew the following spells:

 Your Spells              Type           Power        Failure   Level  Hunger
a - Magic Dart            Conj           ####         1%          1    None
b - Searing Ray           Conj           ######       1%          2    None
c - Iskenderun's Battles  Conj/Chrm      ######..     1%          5    ###....
d - Iskenderun's Mystic   Conj           ######..     1%          4    None
e - Fulminant Prism       Conj/Hex       #####.....   1%          4    None
f - Throw Icicle          Conj/Ice       #####...     1%          4    None
g - Bolt of Draining      Conj/Necr      #####.....   2%          5    ###....


Dungeon Overview and Level Annotations

Branches:
Dungeon (9/15)             Temple (1/1) D:5             Orc (0/4) D:9
   Lair (4/8) D:9           Snake (0/5) Lair:4
  Swamp: Lair:3-6    Shoals: Lair:3-6    Spider: Lair:3-6

Altars:
Cheibriados
Dithmenos
Elyvilon
Fedhas
Makhleb
Nemelex Xobeh
Sif Muna
Trog
Vehumet
Xom
Yredelemnul
Zin
The Shining One


Message History

The magic dart hits the boulder beetle.
The boulder beetle is severely wounded.
Your battlesphere fires!
The barrage of energy hits the boulder beetle.
The boulder beetle is severely wounded.
The boulder beetle smashes into you!
The boulder beetle stops rolling.
Unknown command.
Casting: Magic Dart
Confirm with . or Enter, or press ? or * to list all spells.
Aiming: Magic Dart
Press: ? - help, Shift-Dir - straight line, f/p - boulder beetle
Aim: a boulder beetle (sparse dust, severely wounded)
The magic dart hits the boulder beetle.
The boulder beetle is severely wounded.
Your battlesphere fires!
The barrage of energy hits the boulder beetle.
The boulder beetle is severely wounded.
The boulder beetle bites you!
Ouch! That really hurt!
You die...

...........#..............>.
......PP...f...............
.....##.......<.....###...
.....###.........#f## #.
......#.....#..#####
................#
......f..>....%####
.....[#....#....#.#
%.[..#....f##..#@##
......#..#######B#
.........# #..ยง.......
........## ##.......P
.....P...## ##.......
.....P#.#.# #.*....
..#...##.## #..#. ..#...####
... .###### ..


You could see a boulder beetle.

Vanquished Creatures
  Fannar (Lair:4)
  2 hydras (Lair:4)
  The ghost of teukkam the Nimble, a powerful SpEn of Dithmenos (Lair:3)
  The ghost of kaze the Chucker, an experienced OgAM of Okawaru (D:6)
  Nergalle (Lair:2)
  The ghost of zkyp the Cleaver, an experienced DDGl of Makhleb (D:9)
  Pikel (D:7)
  Joseph (D:7)
  A feature mimic (Lair:3)
  A gargoyle (D:9)
  3 spiny frogs
  An efreet (D:9)
  6 black mambas
  A fire drake (Lair:3)
  Grinder (D:3)
  4 komodo dragons
  A boulder beetle (Lair:4)
  The ghost of MDvedh the Poker, an average VSDK of Yredelemnul (D:4)
  3 yaks (Lair:1)
  3 wyverns (D:9)
  5 wolves (Lair:2)
  5 hippogriffs
  3 hungry ghosts
  2 slaves (D:7)
  A sky beast (D:5)
  A swamp drake (D:9)
  8 water moccasins
  5 porcupines
  5 ogres
  2 centaurs
  A black bear (D:8)
  2 phantoms
  4 ice beasts
  6 crocodiles
  Sigmund (D:4)
  3 giant slugs (Lair:1)
  A big kobold (D:7)
  9 giant frogs
  A hippogriff zombie (D:9)
  2 scorpions (D:9)
  6 killer bees (D:9)
  8 wights
  A quasit (D:7)
  2 goliath beetles
  3 crimson imps
  An orc priest (D:5)
  3 jellies
  6 hounds
  10 iguanas
  A centaur zombie (D:5)
  2 gnoll shamans
  8 worker ants
  8 orc wizards
  An orange rat (D:7)
  Jessica (D:2)
  4 fulminant prisms
  A mummy (D:8)
  14 gnolls
  15 adders
  11 green rats
  A giant mite (D:3)
  4 worms
  2 adder skeletons
  An iguana skeleton (D:7)
  A giant eyeball (D:4)
  6 giant geckos
  4 oozes
  21 orcs
  20 bats
  A bat skeleton (D:5)
  A bat zombie (D:7)
  12 goblins
  11 hobgoblins
  15 jackals
  10 quokkas
  2 ball pythons
  5 giant cockroaches
  A giant gecko skeleton (D:6)
  A giant newt (D:2)
  A hobgoblin zombie (D:6)
  21 kobolds
  A kobold zombie (D:6)
  An orc skeleton (D:9)
  26 rats
  2 spectral orcs (Lair:2)
  2 fungi
  A plant (Lair:2)
382 creatures vanquished.

Vanquished Creatures (others)
  15 fulminant prisms
  A fungus (Lair:1)
16 creatures vanquished.

Grand Total: 398 creatures vanquished

Notes
Turn   | Place    | Note
--------------------------------------------------------------
     0 | D:1      | MDvedh, the Deep Elf Conjurer, began the quest for the Orb.
     0 | D:1      | Reached XP level 1. HP: 10/10 MP: 5/5
   220 | D:1      | Reached XP level 2. HP: 12/15 MP: 1/8
   422 | D:1      | Reached skill level 5 in Conjurations
   819 | D:2      | Reached XP level 3. HP: 19/19 MP: 2/10
   823 | D:2      | Learned a level 2 spell: Searing Ray
  1105 | D:2      | Noticed Jessica
  1109 | D:2      | Killed Jessica
  1109 | D:2      | Reached skill level 6 in Conjurations
  1109 | D:2      | Reached XP level 4. HP: 24/24 MP: 6/13
  1642 | D:3      | Found a burning altar of Makhleb.
  1642 | D:3      | Found a shimmering altar of Xom.
  1643 | D:3      | Found a bloodstained altar of Trog.
  1644 | D:3      | Noticed Grinder
  1682 | D:3      | Killed Grinder
  1682 | D:3      | Reached skill level 8 in Conjurations
  1682 | D:3      | Reached XP level 5. HP: 4/28 MP: 1/16
  1682 | D:3      | Reached XP level 6. HP: 4/32 MP: 1/18
  2352 | D:3      | Learned a level 5 spell: Iskenderun's Battlesphere
  2487 | D:3      | Found a bloodstained altar of Trog.
  2729 | D:4      | Noticed Sigmund
  2802 | D:4      | Noticed MDvedh's ghost (average VSDK)
  3100 | D:4      | Killed Sigmund
  3295 | D:4      | Reached XP level 7. HP: 36/36 MP: 16/20
  3309 | D:4      | Reached skill level 5 in Charms
  3674 | D:4      | Paralysed by a giant eyeball for 2 turns
  3760 | D:4      | Killed MDvedh's ghost
  3925 | D:4      | Found a glowing silver altar of Zin.
  3925 | D:4      | Noticed an angel
  4134 | D:5      | Entered Level 5 of the Dungeon
  4238 | D:6      | Noticed kaze's ghost (experienced OgAM)
  4515 | D:5      | Reached skill level 9 in Charms
  4516 | D:5      | Reached XP level 8. HP: 12/41 MP: 8/21
  4774 | D:5      | Got a crude robe
  4780 | D:5      | Identified the cursed +3 robe "Thras" {Str-2 Int+3 Acc-6} (You found it on level 5 of the Dungeon)
  4884 | D:5      | Found a staircase to the Ecumenical Temple.
  5403 | Temple   | Entered the Ecumenical Temple
  5422 | Temple   | Became a worshipper of Vehumet
  5908 | D:6      | Reached skill level 5 in Spellcasting
  6014 | D:6      | Reached skill level 5 in Dodging
  6134 | D:6      | Acquired Vehumet's first power
  6134 | D:6      | Offered knowledge of Sting by Vehumet.
  6302 | D:6      | Killed kaze's ghost
  6302 | D:6      | Reached XP level 9. HP: 21/45 MP: 14/28
  6918 | D:7      | Noticed Joseph
  6928 | D:7      | Killed Joseph
  7456 | D:7      | Offered knowledge of Shock by Vehumet.
  7723 | D:7      | Learned a level 4 spell: Iskenderun's Mystic Blast
  7822 | D:7      | Noticed Pikel
  7828 | D:7      | Killed Pikel
  7828 | D:7      | Reached XP level 10. HP: 50/50 MP: 18/30
  7885 | D:7      | Reached skill level 5 in Stealth
  8262 | D:8      | Offered knowledge of Throw Frost by Vehumet.
  8446 | D:8      | Reached skill level 10 in Dodging
  8470 | D:8      | Learned a level 4 spell: Fulminant Prism
  8481 | D:8      | Acquired Vehumet's second power
  9226 | D:9      | Noticed zkyp's ghost (experienced DDGl)
  9238 | D:9      | Killed zkyp's ghost
  9242 | D:9      | Reached skill level 11 in Dodging
  9511 | D:9      | Offered knowledge of Throw Icicle by Vehumet.
  9517 | D:9      | Learned a level 4 spell: Throw Icicle
 10117 | D:9      | Acquired Vehumet's third power
 10213 | D:9      | Found a staircase to the Orcish Mines.
 10369 | D:9      | Reached XP level 11. HP: 54/54 MP: 20/31
 10480 | D:9      | Reached skill level 12 in Dodging
 10512 | D:9      | Offered knowledge of Force Lance by Vehumet.
 10552 | D:9      | Reached skill level 10 in Stealth
 10884 | D:9      | Reached skill level 1 in Fighting
 10968 | D:9      | Found a staircase to the Lair.
 11085 | Lair:1   | Entered Level 1 of the Lair of Beasts
 11187 | Lair:1   | Learned a level 5 spell: Bolt of Draining
 12125 | Lair:1   | Reached skill level 13 in Dodging
 13082 | Lair:2   | Noticed Nergalle
 13592 | Lair:2   | Noticed a spectral orc warlord
 13909 | Lair:2   | Killed Nergalle
 14192 | Lair:2   | Reached skill level 5 in Fighting
 15042 | Lair:3   | Offered knowledge of Orb of Destruction by Vehumet.
 15044 | Lair:3   | Reached skill level 14 in Dodging
 15123 | Lair:3   | Reached XP level 12. HP: 68/68 MP: 24/32
 15719 | Lair:3   | Noticed teukkam's ghost (powerful SpEn)
 15724 | Lair:3   | Killed teukkam's ghost
 15803 | Lair:4   | Noticed Fannar
 15803 | Lair:4   | Noticed a four-headed hydra
 15803 | Lair:4   | Noticed a six-headed hydra
 16031 | Lair:4   | Killed a four-headed hydra
 16039 | Lair:4   | Killed Fannar
 16253 | Lair:4   | Killed a six-headed hydra
 16409 | Lair:4   | Found a staircase to the Snake Pit.
 16653 | Lair:4   | Slain by a boulder beetle

Action                   |  1- 3 |  4- 6 |  7- 9 | 10-12 || total
-------------------------+-------+-------+-------+-------++-------
Melee: Unarmed           |    18 |       |     1 |       ||    19
       Whip              |       |       |       |    12 ||    12
 Cast: Magic Dart        |    51 |    53 |   245 |   383 ||   732
       Searing Ray       |       |    11 |    32 |    20 ||    63
       Iskenderun's Batt |       |       |    14 |    69 ||    83
       Iskenderun's Myst |       |       |     4 |    52 ||    56
       Fulminant Prism   |       |       |       |    19 ||    19
       Throw Icicle      |       |       |       |    17 ||    17
       Bolt of Draining  |       |       |       |     6 ||     6
Evoke: Wand              |       |       |       |     4 ||     4
  Use: Scroll            |       |       |    14 |    11 ||    25
       Potion            |       |       |       |     3 ||     3
